 Dungeon Crawl Stone Soup version 0.28.0 (webtiles) character file.

Game seed: 1814518623963993129

72 HallandMoats the Skirmisher (level 4, 35/35 HPs)
             Began as a Demonspawn Fighter on Feb 6, 2022.
             Was a Follower of Kikubaaqudgha.
             Got out of the dungeon alive.
             The game lasted 00:02:31 (2398 turns).

HallandMoats the Skirmisher (Demonspawn Fighter)    Turns: 2398, Time: 00:02:32

Health: 35/35      AC:  7    Str: 18    XL:     4   Next: 7%
Magic:  5/5        EV:  9    Int:  9    God:    Kikubaaqudgha [*.....]
Gold:   91         SH:  4    Dex: 13    Spells: 3/3 levels left

rFire   . . .      SeeInvis .   a - +0 war axe
rCold   . . .      Faith    .   c - +0 buckler
rNeg    . . .      Spirit   .   b - +0 scale mail
rPois   .          Reflect  .   i - +0 helmet
rElec   .          Harm     .   (no cloak)
rCorr   .          Rampage  .   (no gloves)
Will    .....                   (no boots)
Stlth   ..........              (no amulet)
HPRegen 0.11/turn               (no ring)
MPRegen 0.09/turn               (no ring)

@: no status effects
A: weakness stinger 1
a: Renounce Religion, Receive Corpses


You escaped.
You worshipped Kikubaaqudgha.
Kikubaaqudgha was aware of your devotion.
You visited 1 branch of the dungeon, and saw 3 of its levels.

You collected 91 gold pieces.

Inventory:

Hand Weapons
 a - a +0 war axe (weapon)
Armour
 b - a +0 scale mail (worn)
 c - a +0 buckler (worn)
 i - a +0 helmet (worn)
Scrolls
 e - 3 scrolls of teleportation {unknown}
 f - a scroll of magic mapping {unknown}
 g - 2 scrolls of identify {unknown}
 j - a scroll of noise {unknown}
 k - 2 scrolls of enchant armour {unknown}
 n - a scroll of silence {unknown}
 o - a scroll of holy word {unknown}
 p - a scroll of fog {unknown}
Potions
 d - a potion of might
 h - 3 potions of curing {unknown}
 l - a potion of attraction {unknown}
 m - 2 potions of heal wounds {unknown}


   Skills:
 * Level 3.4 Fighting
 * Level 2.3 Axes
 + Level 3.0 Armour
 + Level 1.0 Dodging
 + Level 3.0 Shields
 * Level 2.0 Invocations


You had 3 spell levels left.
You didn't know any spells.
Your spell library contained the following spells:

 Spells                   Type           Power      Damage    Failure   Level
 Animate Skeleton         Necr           0%         N/A       86%         1
 Foxfire                  Conj/Fire      0%         2x1d4     86%         1
 Corpse Rot               Necr/Air       0%         N/A       94%         2
 Poisonous Vapours        Pois/Air       0%         N/A       94%         2
 Sublimation of Blood     Necr           0%         N/A       94%         2
 Conjure Flame            Conj/Fire      0%         6-21      99%         3
 Inner Flame              Hex/Fire       0%         N/A       99%         3
 Vampiric Draining        Necr           0%         2d6       99%         3
 Flame Wave               Conj/Fire      0%         2d4       100%        4


Dungeon Overview and Level Annotations

Branches:
Dungeon (3/15)

Altars:
Kikubaaqudgha


Innate Abilities, Weirdness & Mutations

You have a small tail.


Message History

No target in view!
Things that are here:
a +0 dagger; a kobold corpse A bat is nearby!
A bat is nearby!
You completely miss the bat. The bat hits you but does no damage.
Search for what [? for help]? altar You block the bat's attack.
Things that are here:
a +0 dagger; a kobold corpse You hit the bat.
You kill the bat!
Your Armour skill increases to level 3!
No target in view!
No target in view!
No target in view!
You can't go down here!
Unknown command.
Unknown command.
(D) Dungeon
Where to? (Enter - D:3 @ (x,y), ? - help)
There is a faded altar of an unknown god here.
You cannot tell which god this altar belongs to.
Convert to them anyway?
Kikubaaqudgha accepts your prayer! Kikubaaqudgha welcomes you!
You can now receive cadavers from Kikubaaqudgha.
Kikubaaqudgha grants you a gift!
You add the spells Animate Skeleton, Sublimation of Blood and Vampiric Draining to your library.
(D) Dungeon
Where to? (Enter - D:3 @ (x,y), ? - help)
What level of the Dungeon? (default 1, ? - help)
There is a stone staircase leading up here.
You climb upwards.
There is a stone staircase leading down here.
There is a stone staircase leading up here.
You climb upwards.
There is a stone staircase leading down here.
There is a staircase leading out of the dungeon here.
Are you sure you want to leave the Dungeon?
This will make you lose the game!
You have escaped!

####.##...........##.# #
#.##..............# #
#.###..>......##### # #.#
#####.#####...###
#####.##### #####.......#
#..####...######.........
##.##.......##......8....
#.#..........##.........
#.#....@....####.......#
#.#.........# ###...###
#.##.......## ###.####..
#.####...######...####.#
###.# #########.......##.#
#...###....#...........#.#
#...##......##....8....#..
#...#..#######.........#..
#...#...#(...##.......####


There were no monsters in sight!

Vanquished Creatures
  An adder (D:3)
  A worm (D:3)
  A dart slug (D:1)
  7 endoplasms
  3 giant cockroaches
  5 goblins
  4 hobgoblins
  4 jackals (D:2)
  7 kobolds
  A quokka (D:2)
  4 ball pythons (D:2)
  4 bats
  2 frilled lizards
  7 rats
51 creatures vanquished.

Vanquished Creatures (others)
  A plant (D:1)
1 creature vanquished.

Grand Total: 52 creatures vanquished

Notes
Turn   | Place    | Note
-------+----------+-------------------------------------------
     0 | D:1      | HallandMoats the Demonspawn Fighter began the quest for the
                  | Orb.
     0 | D:1      | Reached XP level 1. HP: 18/18 MP: 1/1
   175 | D:1      | Gained mutation: You have a small tail. [demonic ancestry]
   175 | D:1      | Reached XP level 2. HP: 21/24 MP: 2/2
   231 | D:1      | Reached skill level 1 in Invocations
   955 | D:2      | Reached XP level 3. HP: 27/29 MP: 4/4
  1971 | D:3      | Reached skill level 1 in Dodging
  1971 | D:3      | Reached XP level 4. HP: 26/35 MP: 5/5
  2058 | D:3      | Found a faded altar of an unknown god.
  2284 | D:3      | Prayed at the altar of an unknown god.
  2284 | D:3      | Became a worshipper of Kikubaaqudgha
  2284 | D:3      | Reached * piety under Kikubaaqudgha
  2284 | D:3      | Received a gift from Kikubaaqudgha
  2398 | D:$      | Got out of the dungeon alive.

Illustrated notes

Levels and vault maps discovered:
D:1:      dpeg_arrival_three_same_balls, layout_rooms, minmay_misc_feat_plants
D:2:      layout_basic, hangedman_abyss_or_decor_stabs
D:3:      layout_loops_corners, serial_glass, glass_columns_a, glass_columns_b,
          ebering_ecumenical_altar_mist

Skill      XL: |  1  2  3  4 |
---------------+-------------+-----
Axes           | 2 |  2.3
Invocations    | 1 2 |  2.0
Shields        | 3 |  3.0
Dodging        | 1 |  1.0
Armour         | 3 |  3.0
Fighting       | |  3.4

Action                   |  1- 3 |  4- 6 || total
-------------------------+-------+-------++-------
Melee: War axe           |   107 |     8 ||   115
       Tailslap          |    10 |       ||    10
Armor: Scale mail        |    52 |     4 ||    56
Dodge: Dodged            |    49 |     3 ||    52
Block: Buckler           |    24 |     1 ||    25
